 Dungeon Crawl Stone Soup version 0.21.0-25-ge575cb9 (webtiles) character file.

625 troglodite the Charmwright (level 7, -8/56 HPs)
             Began as a Gnoll Skald on Jan 23, 2018.
             Was a Follower of Okawaru.
             Killed by nerve-wracking pain
             ... invoked by an orc priest
              (12 damage)
             ... on level 5 of the Dungeon.
             The game lasted 00:26:50 (5735 turns).

troglodite the Charmwright (Gnoll Skald)            Turns: 5735, Time: 00:26:50

Health: -8/56      AC:  5    Str: 12 (15) XL:     7   Next: 47%
Magic:  13/15      EV: 17    Int: 20 (21) God:    Okawaru [*.....]
Gold:   151        SH:  0    Dex: 13 (14) Spells: 6/17 levels left

rFire    . . .     SeeInvis .   a - +0 falchion
rCold    + . .     Gourm    .   (no shield)
rNeg     . . .     Faith    .   b - +0 leather armour
rPois    .         Spirit   .   k - +2 hat
rElec    .         Reflect  .   (no cloak)
rCorr    .         Harm     .   (no gloves)
MR       .....                  (no boots)
Stlth    ++........             (no amulet)
HPRegen  0.18/turn              i - +3 ring of evasion
MPRegen  0.14/turn              l - ring of protection from cold

@: brilliant
A: distributed training, fangs 1, strong nose
a: Heroism, Renounce Religion


You were on level 5 of the Dungeon.
You worshipped Okawaru.
Okawaru was aware of your devotion.
You were very hungry.

You visited 2 branches of the dungeon, and saw 6 of its levels.

You collected 151 gold pieces.

Inventory:

Hand Weapons
 a - a +0 falchion (weapon)
Armour
 b - a +0 leather armour (worn)
 k - a +2 hat (worn)
Jewellery
 i - a +3 ring of evasion (left hand)
 l - a ring of protection from cold (right hand)
Wands
 u - a wand of polymorph (14)
Scrolls
 g - a scroll of enchant weapon {unknown}
 h - 2 scrolls of teleportation {unknown}
 m - 4 scrolls of identify {unknown}
 n - 2 scrolls of magic mapping {unknown}
 p - a scroll of fog {unknown}
 q - 2 scrolls of immolation {unknown}
 r - 3 scrolls of remove curse {unknown}
 w - a scroll of noise {unknown}
 y - a scroll of fear {unknown}
 z - a scroll of enchant armour {unknown}
Potions
 e - 2 potions of brilliance
 f - 2 potions of flight {unknown}
 j - 2 potions of degeneration
 o - a potion of agility {unknown}
 s - a potion of curing {unknown}
 t - a potion of magic {unknown}
 v - a potion of heal wounds {unknown}
Books
 c - a book of Battle

   Spells                             Type                      Level
   a - Infusion                       Charms                       1
   b - Shroud of Golubria             Charms/Translocation         2
   c - Song of Slaying                Charms                       2
   d - Spectral Weapon                Hexes/Charms                 3
   e - Regeneration                   Charms/Necromancy            3
 A - a book of Conjurations

   Spells                             Type                      Level
   a - Magic Dart                     Conjuration                  1
   b - Searing Ray                    Conjuration                  2
   c - Dazzling Spray                 Conjuration/Hexes            3
   d - Fulminant Prism                Conjuration/Hexes            4
   e - Force Lance                    Conjuration/Translocation    4
   f - Iskenderun's Mystic Blast      Conjuration                  4
Comestibles
 d - 12 rations


   Skills:
 + Level 5.2 Fighting
 + Level 2.4 Short Blades
 + Level 5.2 Long Blades
 + Level 2.4 Axes
 + Level 2.4 Maces & Flails
 + Level 2.4 Polearms
 + Level 2.4 Staves
 + Level 2.4 Slings
 + Level 2.4 Bows
 + Level 2.4 Crossbows
 + Level 2.4 Throwing
 + Level 3.6 Armour
 + Level 5.2 Dodging
 + Level 2.4 Stealth
 + Level 2.4 Shields
 + Level 2.4 Unarmed Combat
 + Level 5.6 Spellcasting
 + Level 2.0 Conjurations
 + Level 2.0 Hexes
 + Level 5.8 Charms
 + Level 2.0 Summonings
 + Level 2.0 Necromancy
 + Level 2.0 Translocations
 + Level 2.0 Transmutations
 + Level 2.0 Fire Magic
 + Level 2.0 Ice Magic
 + Level 2.0 Air Magic
 + Level 2.0 Earth Magic
 + Level 2.0 Poison Magic
 + Level 2.7 Invocations
 + Level 2.4 Evocations


You had 6 spell levels left.
You knew the following spells:

 Your Spells              Type           Power        Failure   Level  Hunger
a - Infusion              Chrm           ####         1%          1    None
b - Spectral Weapon       Hex/Chrm       ####....     1%          3    ##.....
c - Regeneration          Chrm/Necr      ####......   1%          3    ##.....
d - Force Lance           Conj/Tloc      ####....     7%          4    ####...


Dungeon Overview and Level Annotations

Branches:
Dungeon (5/15)             Temple (1/1) D:4

Altars:
Ashenzari
Cheibriados
Dithmenos
Elyvilon
Fedhas
Gozag
Hepliaklqana
Kikubaaqudgha
Makhleb
Nemelex Xobeh
Okawaru
Qazlal
Ru
Sif Muna
Trog
Uskayaw
Vehumet
Wu Jian
Xom
Yredelemnul
Zin

Shops:
D:5 %*


Innate Abilities, Weirdness & Mutations

Your experience applies equally to all skills.
You have very sharp teeth.
Your uncanny sense of smell can sniff out nearby items.


Message History

Your spectral weapon barely misses the orc priest.
The orc wizard barely misses you.
You riposte.
You barely miss the orc wizard.
The orc wizard is heavily wounded.
The orc priest hits you.
* * * LOW HITPOINT WARNING * * *
The orc priest closely misses you.
It was a potion of brilliance.
You feel clever all of a sudden. The orc priest barely misses you.
You riposte.
You hit the orc priest.
You bite the orc priest, but do no damage.
The orc priest is moderately wounded.
The orc wizard hits you but does no damage.
The orc priest misses you.
You riposte.
You hit the orc priest.
The orc priest is lightly wounded.
It was a potion of degeneration.
There was something very wrong with that liquid.
You feel weakened.
You feel dopey.
You feel clumsy.
The orc priest invokes the aid of Beogh against you.
Pain shoots through your body!
You die...

... #..... #.# #.# #
.######..# #.# #.#
.........#########.# #.#
.######.....)..^...# #.#
.# ############## #.# .#
#.# .# .#
#############.#
.#######......>o@o...##
...)......(.(((.(o......
.........###############
##########


You could see 2 orc priests, an orc wizard and a friendly spectral falchion.

Vanquished Creatures
  A sky beast (D:5)
  A centaur (D:5)
  A crimson imp (D:5)
  2 hounds
  2 orc wizards
  A centaur skeleton (D:4)
  A bullfrog skeleton (D:5)
  An iguana (D:4)
  A worker ant (D:4)
  A hound zombie (D:5)
  2 gnolls (D:4)
  5 adders
  An ooze (D:2)
  5 worms
  A dart slug (D:1)
  4 leopard geckos
  8 orcs
  5 bats
  5 giant cockroaches
  12 goblins
  10 hobgoblins
  2 quokkas
  A ball python (D:1)
  A ball python skeleton (D:4)
  7 frilled lizards
  8 kobolds
  A quokka skeleton (D:4)
  13 rats
103 creatures vanquished.

Notes
Turn   | Place    | Note
-------+----------+-------------------------------------------
     0 | D:1      | troglodite the Gnoll Skald began the quest for the Orb.
     0 | D:1      | Reached XP level 1. HP: 20/20 MP: 6/6
   355 | D:1      | Reached XP level 2. HP: 26/26 MP: 7/7
   787 | D:1      | Reached XP level 3. HP: 31/31 MP: 9/9
   816 | D:1      | Reached skill level 5 in Spellcasting
   928 | D:1      | Learned a level 3 spell: Spectral Weapon
   951 | D:1      | Learned a level 3 spell: Regeneration
  1376 | D:2      | Found a bloodstained altar of Trog.
  1384 | D:2      | Reached skill level 1 in Invocations
  1614 | D:2      | Reached skill level 1 in Short Blades
  1614 | D:2      | Reached skill level 1 in Axes
  1614 | D:2      | Reached skill level 1 in Maces & Flails
  1614 | D:2      | Reached skill level 1 in Polearms
  1614 | D:2      | Reached skill level 1 in Staves
  1614 | D:2      | Reached skill level 1 in Slings
  1614 | D:2      | Reached skill level 1 in Bows
  1614 | D:2      | Reached skill level 1 in Crossbows
  1614 | D:2      | Reached skill level 1 in Throwing
  1614 | D:2      | Reached skill level 1 in Stealth
  1614 | D:2      | Reached skill level 1 in Shields
  1614 | D:2      | Reached skill level 1 in Unarmed Combat
  1614 | D:2      | Reached skill level 1 in Evocations
  1740 | D:2      | Found a hide-covered altar of Uskayaw.
  1741 | D:2      | Found a sacrificial altar of Ru.
  1781 | D:2      | Reached XP level 4. HP: 38/38 MP: 11/11
  2391 | D:3      | Found a stormy altar of Qazlal.
  2391 | D:3      | Found a radiant altar of Vehumet.
  2392 | D:3      | Found an ornate altar of the Wu Jian Council.
  2794 | D:3      | Found a snail-covered altar of Cheibriados.
  3017 | D:4      | Reached skill level 1 in Conjurations
  3017 | D:4      | Reached skill level 1 in Hexes
  3017 | D:4      | Reached skill level 1 in Summonings
  3017 | D:4      | Reached skill level 1 in Necromancy
  3017 | D:4      | Reached skill level 1 in Translocations
  3017 | D:4      | Reached skill level 1 in Transmutations
  3017 | D:4      | Reached skill level 1 in Fire Magic
  3017 | D:4      | Reached skill level 1 in Ice Magic
  3017 | D:4      | Reached skill level 1 in Air Magic
  3017 | D:4      | Reached skill level 1 in Earth Magic
  3017 | D:4      | Reached skill level 1 in Poison Magic
  3070 | D:4      | Reached XP level 5. HP: 26/43 MP: 12/12
  3322 | D:4      | Found a staircase to the Ecumenical Temple.
  3363 | Temple   | Entered the Ecumenical Temple
  3746 | Temple   | Became a worshipper of Warmaster Okawaru
  3825 | D:4      | Found an iron altar of Okawaru.
  4303 | D:4      | Reached XP level 6. HP: 39/50 MP: 13/13
  4678 | D:4      | Learned a level 4 spell: Force Lance
  4799 | D:5      | Entered Level 5 of the Dungeon
  4806 | D:5      | Found Usexori's Food Shoppe.
  4818 | D:5      | Reached skill level 5 in Fighting
  4818 | D:5      | Reached skill level 5 in Long Blades
  4818 | D:5      | Reached skill level 5 in Dodging
  4829 | D:5      | Found Lezuan's Assorted Antiques.
  4866 | D:5      | Reached * piety under Okawaru
  4933 | D:5      | Noticed a moth of wrath
  4936 | D:5      | Found a bloodstained altar of Trog.
  5052 | D:5      | Noticed a sky beast
  5065 | D:5      | Killed a sky beast
  5065 | D:5      | Reached XP level 7. HP: 33/56 MP: 8/15
  5735 | D:5      | Killed from afar by an orc priest

Skill      XL: |  1  2  3  4  5  6  7 |
---------------+----------------------+-----
Spellcasting   | 5 |  5.6
Invocations    | 1 2 |  2.7
Short Blades   | 1 2 |  2.4
Axes           | 1 2 |  2.4
Maces & Flails | 1 2 |  2.4
Polearms       | 1 2 |  2.4
Staves         | 1 2 |  2.4
Slings         | 1 2 |  2.4
Bows           | 1 2 |  2.4
Crossbows      | 1 2 |  2.4
Throwing       | 1 2 |  2.4
Stealth        | 1 2 |  2.4
Shields        | 1 2 |  2.4
Unarmed Combat | 1 2 |  2.4
Evocations     | 1 2 |  2.4
Conjurations   | 1 2 |  2.0
Hexes          | 1 2 |  2.0
Summonings     | 1 2 |  2.0
Necromancy     | 1 2 |  2.0
Translocations | 1 2 |  2.0
Transmutations | 1 2 |  2.0
Fire Magic     | 1 2 |  2.0
Ice Magic      | 1 2 |  2.0
Air Magic      | 1 2 |  2.0
Earth Magic    | 1 2 |  2.0
Poison Magic   | 1 2 |  2.0
Armour         | 3 |  3.6
Fighting       | 5 |  5.2
Long Blades    | 5 |  5.2
Dodging        | 5 |  5.2
Charms         | |  5.8

Action                   |  1- 3 |  4- 6 |  7- 9 || total
-------------------------+-------+-------+-------++-------
Melee: Falchion          |   125 |   205 |    42 ||   372
       Bite              |    20 |    22 |     8 ||    50
       Punch             |       |     1 |       ||     1
 Cast: Spectral Weapon   |       |     2 |     2 ||     4
       Force Lance       |       |     1 |       ||     1
  Use: Potion            |       |       |     2 ||     2
 Stab: Sleeping          |     1 |     4 |     1 ||     6
       Distracted        |       |     1 |       ||     1
  Eat: Chunk             |     3 |    11 |     1 ||    15
Armor: Leather armour    |    27 |    31 |    10 ||    68
Dodge: Dodged            |   113 |   151 |    36 ||   300
       Rpst.: Falchion   |    33 |    60 |    13 ||   106
